 Dungeon Crawl Stone Soup version 0.27.0-1-g7a089689b8 (webtiles) character file.

Game seed: 3927020995997476529

79660 gimp the Severer (level 15, -12/139 HPs)
             Began as a Minotaur Berserker on Aug 1, 2021.
             Was a High Priest of Trog.
             Mangled by an orc knight (17 damage)
             ... on level 2 of the Orcish Mines.
             The game lasted 00:24:09 (20295 turns).

gimp the Severer (Minotaur Berserker)              Turns: 20295, Time: 00:24:09

Health: -12/139    AC: 23    Str: 36    XL:     15   Next: 21%
Magic:  23/23      EV: 11    Int:  8    God:    Trog [*****.]
Gold:   2077       SH: 20    Dex: 11    Spells: 14/14 levels left

rFire    + . .     SeeInvis .   a - +4 broad axe (vorpal)
rCold    + + .     Faith    .   F - +0 kite shield
rNeg     . . .     Spirit   .   Z - +1 plate armour {rC+}
rPois    .         Reflect  +   U - +1 hat
rElec    +         Harm     .   T - scarf {rC+ rF+}
rCorr    .         Rampage  .   X - +2 pair of gloves of Ywaolem {Dex+4}
Will     ++++.                  s - +0 pair of boots
Stlth    ..........             x - amulet of reflection
HPRegen  1.33/turn              v - ring of the Mantidfly {rElec MP+9 Str+9 Int+4 Dex-4}
MPRegen  0.18/turn              Y - ring of willpower

@: strong-willed, on berserk cooldown, regenerating, slowed, very slow
A: horns 2, retaliatory headbutt
a: Renounce Religion, Berserk, Trog's Hand, Brothers in Arms


You were on level 2 of the Orcish Mines.
You worshipped Trog.
Trog was extremely pleased with you.
You visited 4 branches of the dungeon, and saw 22 of its levels.

You collected 2077 gold pieces.

Inventory:

Hand Weapons
 a - a +4 vorpal broad axe (weapon)
 b - a +4 war axe of flaming
Missiles
 f - 26 poisoned darts (quivered)
 M - 4 silver javelins
 P - 12 javelins
Armour
 s - a +0 pair of boots (worn)
 F - a +0 kite shield (worn)
 S - a +2 chain mail of fire resistance
 T - a scarf of resistance (worn)
 U - a +1 hat (worn)
 X - the +2 pair of gloves of Ywaolem (worn) {Dex+4}
   (You found it on level 6 of the Lair of Beasts)

   Dex:       It affects your dexterity (+4).
 Z - a +1 plate armour of cold resistance (worn)
Jewellery
 v - the ring of the Mantidfly (left hand) {rElec MP+9 Str+9 Int+4 Dex-4}
   (You found it on level 4 of the Dungeon)

   [ring of magical power]

   Str:       It affects your strength (+9).
   Int:       It affects your intelligence (+4).
   Dex:       It affects your dexterity (-4).
   rElec:     It insulates you from electricity.
   MP:        It affects your magic capacity (+9).
 x - an amulet of reflection (around neck)
 G - a ring of protection from cold
 J - a ring of ice
 K - a ring of fire
 V - a +6 ring of dexterity
 Y - a ring of willpower (right hand)
Wands
 h - a wand of digging (3)
 r - a wand of iceblast (21)
 z - a wand of flame (23)
 O - a wand of charming (5)
 Q - a wand of paralysis (12)
Scrolls
 d - 14 scrolls of identify {unknown}
 e - a scroll of vulnerability {unknown}
 g - 14 scrolls of teleportation {unknown}
 j - 2 scrolls of fear {unknown}
 k - 2 scrolls of noise {unknown}
 n - a scroll of brand weapon {unknown}
 o - 3 scrolls of amnesia {unknown}
 t - a scroll of summoning {unknown}
 u - 3 scrolls of magic mapping {unknown}
 y - 3 scrolls of enchant weapon {unknown}
 E - 4 scrolls of enchant armour {unknown}
 I - 3 scrolls of acquirement {unknown}
 L - a scroll of torment {unknown}
 N - 5 scrolls of fog {unknown}
Potions
 c - 5 potions of heal wounds {unknown}
 i - 5 potions of lignification {unknown}
 l - a potion of resistance {unknown}
 m - 7 potions of brilliance {unknown}
 p - 5 potions of attraction {unknown}
 q - 8 potions of curing
 w - a potion of cancellation {unknown}
 A - 8 potions of flight {unknown}
 B - 4 potions of degeneration {unknown}
 C - 5 potions of berserk rage {unknown}
 D - 4 potions of might {unknown}
 H - a potion of haste {unknown}
 W - a potion of mutation {unknown}
Miscellaneous
 R - a phantom mirror


   Skills:
 * Level 14.5 Fighting
 - Level 18.0 Axes
 * Level 13.9 Armour
 - Level 8.0 Dodging
 - Level 15.0 Shields


You had 14 spell levels left.
You didn't know any spells.
Your spell library was empty.

Dungeon Overview and Level Annotations

Branches:
Dungeon (13/15)            Temple (1/1) D:7            Lair (6/6) D:10
 Shoals (0/4) Lair:2        Snake (0/4) Lair:4        Slime (0/5) Lair:6
    Orc (2/2) D:9
    Elf: Orc:2       Vaults: D:13-14

Altars:
Ashenzari
Cheibriados
Dithmenos
Elyvilon
Fedhas
Gozag
Hepliaklqana
Kikubaaqudgha
Makhleb
Nemelex Xobeh
Okawaru
Qazlal
Ru
Sif Muna
Trog
Uskayaw
Vehumet
Wu Jian
Xom
Yredelemnul
Zin
The Shining One
Beogh
Jiyva

Shops:
D:5 *

Annotations:
D:12 3 runed translucent doors, Afrar's ghost, journeyman FoFi


Innate Abilities, Weirdness & Mutations

You have a pair of horns on your head.
You reflexively headbutt those who attack you in melee.


Message History

The orc priest mumbles some strange prayers to Beogh against you.
Beogh smites you!
* * * LOW HITPOINT WARNING * * *
You block the orc warrior's attack.
You take 17 damage, and have 23/139 hp.
Things that are here:
a +0 mace; a +0 plate armour You regained 2 hp, and now have 25/139 hp.
Your ogre goes berserk!
The orc priest calls upon Beogh to heal the orc knight.
The orc knight is healed somewhat.
The orc priest invokes the aid of Beogh against you.
Beogh smites you!
* * * LOW HITPOINT WARNING * * *
You block the orc high priest's attack. You block the orc priest's attack.
You block the orc warrior's attack.
You take 9 damage, and have 16/139 hp.
The orc knight hits you with a +0 battleaxe!
* * * LOW HITPOINT WARNING * * *
The orc knight hits your ogre with a +0 battleaxe!
The orc priest hits your ogre with a +0 mace.
The orc priest calls upon Beogh to heal the orc knight.
The orc knight is healed somewhat.
The orc warrior hits your ogre with a +0 long sword!
Your ogre hits the orc priest with a +0 giant club!!
The orc priest dies!
Trog accepts your kill. The orc knight barely misses you.
The orc knight hits your ogre with a +0 battleaxe!
Your ogre dies!
Your ogre's corpse disappears in a puff of smoke!
The orc priest looks braver for a moment.
Things that are here:
a +0 trident; a +0 plate armour; an orc corpse You take 15 damage, and have 1/139 hp.
Okay, then.
You regained 2 hp, and now have 3/139 hp.
Your troll goes berserk!
The orc knight hits you with a +0 battleaxe!
You die...

#....)............
#..))).))).)......
#..)#)..4)........
#...#...)))o......
#)).#######o..####
#))o# ##.......##
##oo# #..#3..#..#
##o)# ##.........#
#@T)# #...#...#...
#..)###....4o.....
#...##....#o..#...
#...##............
#...##....#...#...
#...##............
##.###....#...#...
### ##...o.......
#...#...#...


You could see an orc knight (ally target), an orc high priest, an orc warrior
(strong), an orc priest (strong) and a friendly troll (summoned, berserk).

Vanquished Creatures
  8 hydras
  2 boulder beetles
  A catoblepas (Lair:6)
  An alligator (Lair:5)
  4 two-headed ogres
  10 death yaks
  A tengu warrior (D:13)
  2 orc high priests (Orc:2)
  A goliath frog (Lair:6)
  6 orc knights
  An orc sorcerer (Orc:1)
  An oklob plant (Orc:1)
  2 ugly things (D:12)
  A manticore (D:12)
  19 elephants
  3 torpor snails (Lair:5)
  7 black mambas
  20 cane toads
  16 komodo dragons
  A rime drake (Lair:5)
  5 trolls
  2 polar bears (Lair:5)
  8 dream sheep
  22 blink frogs
  3 tyrant leeches (Lair:6)
  A meliai zombie (D:11)
  4 wraiths
  60 yaks
  2 shadows
  6 wyverns
  2 steam dragons (D:9)
  7 basilisks
  2 humans (D:12)
  11 vampire mosquitoes
  3 wargs
  An acid dragon (D:9)
  22 water moccasins
  32 orc warriors
  A black bear (D:7)
  An ice beast (D:8)
  A necrophage (D:5)
  8 wolves
  4 ogres (Orc:1)
  8 centaurs
  A kobold brigand (D:8)
  A gnoll sergeant (D:6)
  3 scorpions
  21 bullfrogs
  A water moccasin zombie (D:5)
  A water moccasin skeleton (D:6)
  3 killer bees (D:9)
  2 electric eels
  14 wights
  4 howler monkeys
  2 centaur skeletons (D:7)
  5 centaur zombies
  2 jellies
  2 bullfrog skeletons (D:6)
  A gnoll shaman (D:10)
  A hound (D:6)
  A human zombie (D:5)
  25 orc priests
  4 iguanas
  25 orc wizards
  A killer bee zombie (D:5)
  2 hound zombies (D:5)
  4 mummies (D:5)
  22 gnolls
  A howler monkey zombie (D:7)
  7 adders
  A shadow imp (D:7)
  A white imp (D:7)
  2 ufetubi (D:6)
  An adder zombie (D:5)
  2 dart slugs (D:2)
  77 orcs
  8 ball pythons
  4 endoplasms
  2 giant cockroaches
  5 goblins
  4 hobgoblins
  4 quokkas
  5 bats
  4 frilled lizards
  13 kobolds
  7 rats
  A butterfly (Lair:1)
620 creatures vanquished.

Vanquished Creatures (collateral kills)
  An orc warlord (Orc:2)
  2 orc high priests (Orc:2)
  2 orc knights (Orc:2)
  4 orc warriors (Orc:2)
  2 orc priests (Orc:2)
  An orc (Orc:2)
12 creatures vanquished.

Vanquished Creatures (others)
  A bush (Lair:6)
  31 fungi
  107 plants
  5 toadstools (D:1)
144 creatures vanquished.

Grand Total: 776 creatures vanquished

Notes
Turn   | Place    | Note
-------+----------+-------------------------------------------
     0 | D:1      | gimp the Minotaur Berserker began the quest for the Orb.
     0 | D:1      | Reached XP level 1. HP: 19/19 MP: 0/0
   430 | D:1      | Reached skill level 4 in Axes
   437 | D:1      | Reached XP level 2. HP: 27/27 MP: 1/1
  1232 | D:2      | Reached ** piety under Trog
  1233 | D:2      | Reached XP level 3. HP: 30/33 MP: 2/2
  1518 | D:2      | Reached skill level 5 in Axes
  1518 | D:2      | Reached XP level 4. HP: 40/40 MP: 3/3
  2190 | D:3      | Reached XP level 5. HP: 47/47 MP: 4/4
  2490 | D:3      | Reached skill level 6 in Axes
  2614 | D:3      | Found a faded altar of an unknown god.
  3102 | D:4      | Identified the ring of the Mantidfly {rElec MP+9 Str+9
                  | Int+4 Dex-4}
  3190 | D:4      | Reached *** piety under Trog
  3191 | D:4      | Reached skill level 5 in Fighting
  3533 | D:4      | Reached XP level 6. HP: 36/56 MP: 5/5
  4044 | D:5      | Entered Level 5 of the Dungeon
  4077 | D:5      | Reached skill level 7 in Axes
  4236 | D:5      | Found Taurin's CLEARANCE SALE! EVERYTHING MUST GO!.
  4365 | D:5      | Reached skill level 5 in Armour
  4366 | D:5      | Reached XP level 7. HP: 48/62 MP: 6/6
  4618 | D:5      | Reached skill level 1 in Shields
  4724 | D:5      | Reached skill level 8 in Axes
  4838 | D:5      | Reached **** piety under Trog
  4859 | D:5      | Found an ancient bone altar of Kikubaaqudgha.
  4869 | D:5      | Reached XP level 8. HP: 68/71 MP: 7/7
  4890 | D:5      | Reached skill level 9 in Axes
  5289 | D:6      | Reached skill level 10 in Axes
  5344 | D:6      | Reached skill level 5 in Shields
  5909 | D:7      | Noticed a two-headed ogre
  5917 | D:7      | Killed a two-headed ogre
  5918 | D:7      | Reached skill level 11 in Axes
  5918 | D:7      | Reached XP level 9. HP: 79/79 MP: 8/8
  6389 | D:7      | Found a staircase to the Ecumenical Temple.
  6559 | Temple   | Entered the Ecumenical Temple
  6846 | D:8      | Noticed a two-headed ogre
  6853 | D:8      | Killed a two-headed ogre
  6854 | D:8      | Reached skill level 12 in Axes
  6922 | D:8      | Reached skill level 13 in Axes
  7335 | D:9      | Reached XP level 10. HP: 86/86 MP: 9/9
  7371 | D:9      | Reached ***** piety under Trog
  7552 | D:9      | Found a staircase to the Orcish Mines.
  8127 | D:9      | Received a gift from Trog
  8323 | D:9      | Identified the +2 leather armour of Umagajam {rF- rC+
                  | rCorr}
  8324 | D:9      | Found an ornate altar of the Wu Jian Council.
  8330 | D:9      | Found a shimmering blue altar of Sif Muna.
  8334 | D:9      | Found a broken altar of Ashenzari.
  8335 | D:9      | Found a basalt altar of Yredelemnul.
  8336 | D:9      | Found a bloodstained altar of Trog.
  8434 | D:9      | Reached skill level 14 in Axes
  8479 | D:10     | Entered Level 10 of the Dungeon
  8676 | D:10     | Found a sparkling altar of Nemelex Xobeh.
  8837 | D:10     | Found a hazy altar of Hepliaklqana.
  8859 | D:10     | Found a staircase to the Lair.
  8878 | D:10     | Noticed a +0 dagger
  8878 | D:10     | Noticed a +0 dagger
  8879 | D:10     | Noticed a +0 short sword
  8880 | D:10     | Noticed a +0 falchion
  8880 | D:10     | Noticed a +0 spear
  8880 | D:10     | Noticed a +0 short sword
  8881 | D:10     | Noticed a +0 falchion
  8882 | D:10     | Noticed a +0 spear
  8893 | D:10     | Found a hide-covered altar of Uskayaw.
  8986 | D:10     | Found a stormy altar of Qazlal.
  9026 | D:11     | Noticed a two-headed ogre
  9032 | D:11     | Killed a two-headed ogre
  9033 | D:11     | Reached skill level 15 in Axes
  9117 | D:11     | Reached skill level 10 in Shields
  9197 | D:11     | Reached XP level 11. HP: 92/92 MP: 10/10
 10388 | D:12     | Noticed an orc knight
 10409 | D:12     | Killed an orc knight
 10410 | D:12     | Reached skill level 16 in Axes
 10434 | D:12     | Found an iron altar of Okawaru.
 10538 | D:12     | Noticed a boulder beetle
 10549 | D:12     | Killed a boulder beetle
 10574 | D:12     | Found a runed translucent gate.
 10574 | D:12     | Noticed a naga warrior
 10576 | D:12     | Noticed a centaur warrior
 10576 | D:12     | Found a runed translucent gate.
 10576 | D:12     | Noticed Afrar's ghost (journeyman FoFi)
 10577 | D:12     | Found a runed translucent gate.
 10577 | D:12     | Noticed a tengu warrior
 10577 | D:12     | Noticed an orc knight
 10578 | D:12     | Found an iron altar of Okawaru.
 10657 | D:12     | Noticed a seven-headed hydra
 10664 | D:12     | Killed a four-headed hydra
 10834 | D:12     | Reached skill level 17 in Axes
 11062 | D:12     | Noticed a cyan ugly thing
 11063 | D:12     | Noticed a cyan ugly thing
 11072 | D:12     | Killed a cyan ugly thing
 11075 | D:12     | Killed a cyan ugly thing
 11570 | D:13     | Noticed a tengu warrior
 11585 | D:13     | Killed a tengu warrior
 11586 | D:13     | Reached XP level 12. HP: 100/100 MP: 11/11
 11716 | Lair:1   | Entered Level 1 of the Lair of Beasts
 11784 | Lair:1   | Found a snail-covered altar of Cheibriados.
 12132 | Lair:1   | Reached skill level 18 in Axes
 12577 | Lair:2   | You fall into a shaft and drop 1 floor!
 12838 | Lair:2   | Noticed a death yak
 12840 | Lair:2   | Noticed a death yak
 12843 | Lair:2   | Noticed a death yak
 12846 | Lair:2   | Noticed a death yak
 12849 | Lair:2   | Killed a death yak
 12853 | Lair:2   | Killed a death yak
 12856 | Lair:2   | Killed a death yak
 12862 | Lair:2   | Killed a death yak
 12976 | Lair:2   | Noticed a death yak
 12977 | Lair:2   | Noticed a death yak
 12977 | Lair:2   | Noticed a death yak
 12977 | Lair:2   | Noticed a death yak
 12981 | Lair:2   | Noticed a six-headed hydra
 12994 | Lair:2   | Killed a death yak
 12995 | Lair:2   | Killed a death yak
 12996 | Lair:2   | Killed a death yak
 12999 | Lair:2   | Killed a three-headed hydra
 13000 | Lair:2   | Reached XP level 13. HP: 111/111 MP: 12/12
 13381 | Lair:2   | Reached ****** piety under Trog
 13465 | Lair:2   | Received a gift from Trog
 13485 | Lair:2   | Found a staircase to the Shoals.
 13847 | Lair:3   | Reached skill level 15 in Shields
 14041 | Lair:3   | Reached skill level 10 in Fighting
 14940 | Lair:4   | Reached skill level 10 in Armour
 15169 | Lair:4   | Found a staircase to the Snake Pit.
 16078 | Lair:5   | Reached XP level 14. HP: 123/125 MP: 13/13
 16109 | Lair:5   | Reached skill level 5 in Dodging
 17141 | Lair:6   | Entered Level 6 of the Lair of Beasts
 17212 | Lair:5   | Received a gift from Trog
 17522 | Lair:6   | Found a staircase to the Slime Pits.
 17523 | Lair:6   | Found a viscous altar of Jiyva.
 17744 | Lair:6   | Identified the +9 short sword of Infinity {speed, +Blink
                  | rF+ Str+4}
 17749 | Lair:6   | Identified the amulet of Leiduulone {Faith Fly rN++ Will-
                  | Int+2}
 18476 | Lair:6   | Identified the +2 pair of gloves of Ywaolem {Dex+4}
 18797 | Orc:1    | Entered Level 1 of the Orcish Mines
 18876 | Orc:1    | Received a gift from Trog
 19375 | Orc:2    | Entered Level 2 of the Orcish Mines
 19460 | Orc:1    | Noticed an orc warlord
 19483 | Orc:2    | Killed an orc warlord
 19484 | Orc:2    | Reached XP level 15. HP: 138/138 MP: 14/14
 20221 | Orc:2    | Received a gift from Trog
 20293 | Orc:2    | HP: 1/139 [orc knight (17)]
 20295 | Orc:2    | Mangled by an orc knight

Illustrated notes

Levels and vault maps discovered:
D:1:      ldierk_walled_garden, layout_loops_corners, minmay_pentomino_p4
D:2:      layout_loops_ring
D:3:      layout_basic, basic_ecumenical_altar
D:4:      layout_loops_cross, corner_web_ring
D:5:      layout_cave_pools, lemuel_mausoleum_altar_kikubaaqudgha,
          nicolae_shop_clearance
D:6:      layout_loops_ring
D:7:      layout_gridville, lemuel_temple_firewalk_b
D:8:      layout_basic
D:9:      layout_gridville, minitemple, minmay_orc_entry_temple_small
D:10:     layout_rooms, nicolae_uskayaw_en_pointe, nzn_hepliaklqana_mist_gate,
          lemuel_round_altar, nemelex_diamond_rough_becter, lair_entry_dummy,
          kennysheep_nub, kennysheep_generic_room_9
D:11:     layout_grid_maze
D:12:     layout_cave_pods, gammafunk_ghost_fury_of_okawaru, okawaru_humans
D:13:     layout_cave_pools
Temple:   minmay_temple_bridge_abc
Lair:1:   layout_misc_corridors, basic_altar, chequers_serial_rivers_large_a,
          lemuel_fruit_fields
Lair:2:   layout_long_grid, minmay_shoals_entry_centaurs, beast_lair_carwin_7
Lair:3:   layout_cave_pods, grunt_megastairs_4
Lair:4:   layout_loops_ring, dummy_snake_entry, lemuel_fruit_tree,
          serial_bayou_shore_a
Lair:5:   nzn_winding_woodlands_stair_cross
          [nzn_winding_woodlands_5x15_sidewinder,
          nzn_winding_woodlands_center_pierced_h,
          nzn_winding_woodlands_5x15_eye, nzn_winding_woodlands_5x5_default,
          nzn_winding_woodlands_5x5_closed_star,
          nzn_winding_woodlands_5x15_split_checker,
          nzn_winding_woodlands_center_lodge,
          nzn_winding_woodlands_5x15_longhouse], layout_cave_pods
Lair:6:   minmay_lair_end_frog_pond, layout_gridlike, slime_altar_1
Orc:1:    layout_caves, mines3_lemuel
Orc:2:    st_orc_pillars, layout_diamond_mine, minmay_orc_temple_a

Skill      XL: |  1  2  3  4  5  6  7  8  9 10 11 12 13 14 15 |
---------------+----------------------------------------------+-----
Axes           | 4 5 6 7 8 11 13 15 17 18 | 18.0
Fighting       | 4 5 6 7 9 11 14 | 14.5
Armour         | 3 4 5 7 10 13 | 13.9
Shields        | 2 6 8 10 12 14 15 | 15.0
Dodging        | 4 7 8 |  8.0

Action                   |  1- 3 |  4- 6 |  7- 9 | 10-12 | 13-15 || total
-------------------------+-------+-------+-------+-------+-------++-------
Melee: Hand axe          |    53 |   140 |   265 |    52 |       ||   510
       Headbutt          |     2 |    20 |    77 |    85 |   172 ||   356
       War axe           |       |       |       |   346 |   572 ||   918
       Broad axe         |       |       |       |       |   152 ||   152
Invok: Berserk           |     2 |     4 |     8 |    12 |     5 ||    31
       Brothers in Arms  |       |       |       |       |     4 ||     4
       Trog's Hand       |       |       |       |       |     4 ||     4
Evoke: Wand              |       |       |       |       |     3 ||     3
 Stab: Petrified         |       |       |       |       |     3 ||     3
       Petrifying        |       |       |       |       |     1 ||     1
Armor: Animal skin       |     3 |       |       |       |       ||     3
       Ring mail         |     8 |    12 |       |       |       ||    20
       Chain mail        |       |    76 |    67 |    33 |   124 ||   300
       Plate armour      |       |       |       |    49 |    17 ||    66
Dodge: Dodged            |    43 |    51 |    33 |    51 |   123 ||   301
Block: Other             |       |     9 |     2 |       |       ||    11
       Kite shield       |       |       |   208 |   312 |   500 ||  1020
       Reflection        |       |       |     9 |     6 |     3 ||    18
